 Dungeon Crawl Stone Soup version 0.19.0-19-g8c6edcc (webtiles) character file.

4403 lorenzova the Destroyer (level 10, -1/103 HPs)
             Began as a White Draconian Conjurer on Nov 15, 2016.
             Killed from afar by Erica (2 damage)
             ... with a bolt of poison
             ... on level 8 of the Dungeon.
             The game lasted 00:34:35 (10195 turns).

lorenzova the Destroyer (White Draconian Conjurer) Turns: 10195, Time: 00:34:36

Health: -1/103     AC: 25    Str: 15    XL:     10   Next: 14%
Magic:  6/22       EV:  2    Int: 20    God:
Gold:   277        SH:  0    Dex: 11    Spells: 3 memorised, 16 levels left

rFire  . . .     SeeInvis .     s - +0 whip (freeze)
rCold  . . .     Gourm    .     (armour unavailable)
rNeg   + + +     Faith    .     (no shield)
rPois  +         Spirit   .     (helmet currently unavailable)
rElec  .         Reflect  .     (cloak currently unavailable)
rCorr  .         Harm     .     (gloves currently unavailable)
MR     .....     NoTele   +     (boots currently unavailable)
Stlth  ++........               y - amulet of regeneration
                                (no ring)
                                c - ring of wizardry

@: mighty, lethally poisoned (-1 -> -6), tree-form, slowed, very slow
A: (breathe frost), unfitting armour, (cold resistance 0), (cold-blooded), AC +7
a: no special abilities


You were on level 8 of the Dungeon.
You were not hungry.
You were a tree.
You visited 2 branches of the dungeon, and saw 9 of its levels.

You collected 361 gold pieces.
You spent 84 gold pieces at shops.

Inventory:

Hand Weapons
 h - a +0 short sword
 s - a +0 whip of freezing (weapon)
 w - a +0 dagger of speed
Armour
 r - a +0 buckler
 u - a +1 cloak (melded)
Jewellery
 c - a ring of wizardry (left branch)
 y - an amulet of regeneration (around neck)
Wands
 C - a wand of digging (8/24)
 E - a wand of lightning (7/15)
 H - a wand of flame (28/48)
Scrolls
 d - 4 scrolls of enchant armour {unknown}
 e - 4 scrolls of immolation {unknown}
 f - 2 scrolls of blinking {unknown}
 g - 2 scrolls of fear {unknown}
 k - a scroll of enchant weapon {unknown}
 l - 3 scrolls of teleportation
 o - 9 scrolls of remove curse
 q - a scroll of random uselessness {unknown}
 z - a scroll of amnesia {unknown}
 F - a scroll of acquirement {unknown}
 G - a scroll of identify
Potions
 i - 2 potions of lignification
 j - 2 potions of curing
 n - a potion of flight
 p - 3 potions of cancellation
 t - 2 potions of brilliance
 v - a potion of cure mutation
 A - 2 potions of agility
 B - 4 potions of might
 D - 2 potions of mutation {unknown}
Books
 a - a book of Conjurations

   Spells                             Type                      Level
   a - Magic Dart                     Conjuration                  1
   b - Searing Ray                    Conjuration                  2
   c - Dazzling Spray                 Conjuration/Hexes            3
   d - Fulminant Prism                Conjuration/Hexes            4
   e - Iskenderun's Mystic Blast      Conjuration                  4
   f - Iskenderun's Battlesphere      Conjuration/Charms           5
 x - a book of Changes

   Spells                             Type                      Level
   a - Beastly Appendage              Transmutation                1
   b - Sticks to Snakes               Transmutation                2
   c - Spider Form                    Transmutation/Poison         3
   d - Ice Form                       Ice/Transmutation            4
   e - Blade Hands                    Transmutation                5
Comestibles
 b - 10 bread rations
 m - a beef jerky


   Skills:
 - Level 1.7 Dodging
 - Level 1.8 Stealth
 + Level 8.7 Spellcasting
 + Level 10.1 Conjurations
 + Level 6.2 Charms


You had 16 spell levels left.
You knew the following spells:

 Your Spells              Type           Power        Failure   Level  Hunger
a - Magic Dart            Conj           ####         1%          1    None
b - Iskenderun's Battles  Conj/Chrm      #####...     4%          5    #####..
c - Iskenderun's Mystic   Conj           #####...     1%          4    ###....


Dungeon Overview and Level Annotations

Branches:
Dungeon (8/15)             Temple (1/1) D:4
   Lair: D:8-11

Altars:
Cheibriados
Dithmenos
Elyvilon
Fedhas
Gozag
Hepliaklqana
Kikubaaqudgha
Makhleb
Nemelex Xobeh
Okawaru
Ru
Sif Muna
Trog
Uskayaw
Vehumet
Xom
Yredelemnul
Zin
The Shining One

Shops:
D:6 ?

Annotations:
D:8 Erica


Innate Abilities, Weirdness & Mutations

((You can breathe waves of freezing cold.))
((You can buffet flying creatures when you breathe cold.))
((Your icy white scales are hard. (AC +7)))
You cannot fit into any form of body armour.
((Your flesh is cold resistant. (rC+)))
((You are cold-blooded and may be slowed by cold attacks.))


Message History

Something hits you but does no damage.
The centaur hits you but does no damage.
You closely miss something.
You feel sick.
The centaur hits you but does no damage.
Something hits you but does no damage. The centaur hits you.
* * * LOW HITPOINT WARNING * * *
The centaur hits you but does no damage.
Something hits you but does no damage.
It was a potion of might.
You feel very mighty all of a sudden.
You feel sick.
The centaur hits you but does no damage.
The centaur hits you.
* * * LOW HITPOINT WARNING * * *
You hear some strange, mumbled words.
A bolt of poison appears from out of thin air!
The bolt of poison hits you!
You are lethally poisoned!
You resist.
You die...

.# ... ## .###...
.###.. ......#
....... .......#
.....####......#
#.............#
#.....♣c..†...#
#......{......#
#.....((......#
##..........####
.####.........###
.........(.....#
##...#.........##
#.. #..........#
. #..........##
##


You could see a centaur.

Vanquished Creatures
  Pikel (D:5)
  A wyvern (D:8)
  Duvessa (D:5)
  2 sky beasts
  2 black bears
  2 orc warriors (D:6)
  4 slaves
  5 necrophages (D:7)
  2 ice beasts
  2 phantoms (D:4)
  8 ogres
  3 bullfrogs
  2 big kobolds (D:7)
  Dowan (D:5)
  A scorpion (D:7)
  2 wights (D:7)
  2 howler monkeys
  3 centaur zombies
  3 crimson imps
  A quasit (D:6)
  5 hounds
  A jelly (D:5)
  3 orc wizards
  6 worker ants
  3 iguanas
  2 hound skeletons
  A hound zombie (D:7)
  A mummy (D:7)
  3 worker ant zombies (D:7)
  A howler monkey skeleton (D:7)
  4 gnolls (D:4)
  8 adders
  A shadow imp (D:5)
  2 oozes
  4 adder skeletons
  3 worms
  7 leopard geckos
  16 orcs
  2 ball pythons
  5 giant cockroaches
  8 goblins
  4 hobgoblins
  4 jackals (D:2)
  4 quokkas
  13 bats
  2 frilled lizards
  A jackal zombie (D:5)
  26 kobolds
  A leopard gecko skeleton (D:4)
  A quokka skeleton (D:4)
  2 quokka zombies (D:7)
  4 rats
196 creatures vanquished.

Vanquished Creatures (others)
  An adder (D:3)
1 creature vanquished.

Grand Total: 197 creatures vanquished

Notes
Turn   | Place    | Note
-------+----------+-------------------------------------------
     0 | D:1      | lorenzova the Draconian Conjurer began the quest for the Orb.
     0 | D:1      | Reached XP level 1. HP: 14/14 MP: 3/3
   372 | D:1      | Reached XP level 2. HP: 12/20 MP: 0/5
   786 | D:1      | Reached XP level 3. HP: 26/26 MP: 4/7
  1463 | D:2      | Reached XP level 4. HP: 33/33 MP: 3/8
  1645 | D:2      | Found a glowing golden altar of the Shining One.
  2124 | D:3      | Reached skill level 5 in Conjurations
  2180 | D:3      | Found a shimmering altar of Xom.
  2180 | D:3      | Noticed an angel
  2184 | D:3      | Found a glowing silver altar of Zin.
  2515 | D:3      | Found a burning altar of Makhleb.
  2880 | D:3      | Learned a level 4 spell: Iskenderun's Mystic Blast
  2961 | D:3      | Reached XP level 5. HP: 38/38 MP: 4/10
  3247 | D:4      | Noticed a phantom
  3460 | D:4      | Found a staircase to the Ecumenical Temple.
  3468 | Temple   | Entered the Ecumenical Temple
  3774 | D:4      | Noticed an ogre
  3782 | D:4      | Killed an ogre
  3782 | D:4      | Reached skill level 6 in Conjurations
  3782 | D:4      | Reached XP level 6. HP: 26/45 MP: 4/12
  4264 | D:4      | Reached skill level 5 in Spellcasting
  4264 | D:4      | Your scales start taking on an icy white colour.
  4264 | D:4      | Reached XP level 7. HP: 49/50 MP: 1/14
  4264 | D:4      | Gained mutation: Your flesh is cold resistant. (rC+) [White Draconian growth]
  4845 | D:4      | Found an ancient bone altar of Kikubaaqudgha.
  4910 | D:4      | Reached skill level 7 in Conjurations
  5059 | D:5      | Entered Level 5 of the Dungeon
  5332 | D:5      | Learned a level 5 spell: Iskenderun's Battlesphere
  5716 | D:5      | Reached skill level 1 in Charms
  5802 | D:5      | Reached XP level 8. HP: 57/57 MP: 7/17
  6178 | D:5      | Noticed Pikel
  6537 | D:5      | Noticed Dowan
  6555 | D:5      | Noticed Duvessa
  6575 | D:5      | Killed Duvessa
  6575 | D:5      | Reached skill level 8 in Conjurations
  6764 | D:5      | Killed Pikel
  6997 | D:5      | Killed Dowan
  7196 | D:5      | Reached XP level 9. HP: 41/62 MP: 6/19
  7717 | D:6      | Reached skill level 9 in Conjurations
  7931 | D:6      | Found Niexiu's Magic Scroll Boutique.
  7946 | D:6      | Bought a scroll of identify for 28 gold pieces
  7946 | D:6      | Bought a scroll of identify for 28 gold pieces
  7946 | D:6      | Bought a scroll of identify for 28 gold pieces
  8517 | D:7      | Reached skill level 5 in Charms
  9094 | D:7      | Found a sparkling altar of Nemelex Xobeh.
  9586 | D:7      | Reached XP level 10. HP: 69/69 MP: 3/22
  9588 | D:7      | Reached skill level 10 in Conjurations
 10178 | D:8      | Noticed Erica
 10192 | D:8      | HP: 3/69 [poisoned by Erica (bolt of poison)]
 10195 | D:8      | HP: 1/103 [centaur (1)]
 10195 | D:8      | Killed from afar by Erica

Skill      XL: |  1  2  3  4  5  6  7  8  9 10 |
---------------+-------------------------------+-----
Spellcasting   | 3 4 5 6 7 8 |  8.7
Conjurations   | 5 6 7 8 9 10 | 10.1
Charms         | 1 4 5 6 |  6.2
Dodging        | |  1.7
Stealth        | |  1.8

Action                   |  1- 3 |  4- 6 |  7- 9 | 10-12 || total
-------------------------+-------+-------+-------+-------++-------
Melee: Unarmed           |    18 |       |       |       ||    18
       Short sword       |    17 |    49 |       |       ||    66
       Tailslap          |     2 |     7 |     9 |       ||    18
       Dagger            |       |    46 |    59 |       ||   105
       Whip              |       |       |       |     4 ||     4
 Cast: Magic Dart        |    76 |   115 |   341 |    24 ||   556
       Iskenderun's Myst |       |     3 |    23 |     2 ||    28
       Iskenderun's Batt |       |       |    24 |     4 ||    28
 Abil: Breathe Frost     |       |       |    13 |     1 ||    14
  Use: Scroll            |       |       |    10 |     2 ||    12
       Potion            |       |       |       |     2 ||     2
 Stab: Sleeping          |     1 |     1 |     2 |       ||     4
  Eat: Chunk             |     2 |     9 |    16 |       ||    27
       Fruit             |       |       |     4 |       ||     4
       Royal jelly       |       |       |     1 |       ||     1
       Meat ration       |       |       |     1 |     1 ||     2
       Beef jerky        |       |       |     1 |       ||     1
Armor: Skin              |    10 |    27 |    43 |    13 ||    93
Dodge: Dodged            |    20 |    52 |   102 |    11 ||   185
